 Dungeon Sprint DCSS version 0.30-a0-1161-g0704695555 (webtiles) character file.

Game seed: 6602592650212069560

13141 howech the Imperceptible (level 11, -3/44 (47) HPs)
             Began as a Spriggan Enchanter on Apr 27, 2023.
             Was a High Priest of Sif Muna.
             Slain by an unseen horror (10 damage)
             ... in the Dungeon (Sprint I: "Red Sonja").
             The game lasted 00:19:32 (1412 turns).

howech the Imperceptible (Spriggan Enchanter)       Turns: 1412, Time: 00:19:32

HP:   -3/44 (47)    AC:  2    Str:  4    XL:     11   Next: 71%
MP:   34/34         EV: 19    Int: 21    God:    Sif Muna [*****.]
Gold: 2033          SH:  0    Dex: 16    Spells: 41/46 levels left

rFire   + . .        k - +2 dagger (venom)
rCold   + . .        (no shield)
rNeg    . . .        f - +0 robe {rC+ rF+}
rPois   .            (helmet restricted)
rElec   .            (no cloak)
rCorr   .            (gloves unavailable)
SInv    +            (boots unavailable)
Will    +....        (no amulet)
Stlth   ++++++++     (no ring)
HPRegen 0.27/turn    (no ring)
MPRegen 0.24/turn

%: no teleportation
@: drained, very quick
A: very small, no large weapons, unfitting armour, see invisible, speed 3
a: Renounce Religion, Channel Magic, Forget Spell, Divine Exegesis


You were in the Dungeon.
You worshipped Sif Muna.
Sif Muna was extremely pleased with you.
You visited 1 branch You collected 2727 gold pieces.
You spent 675 gold pieces at shops.
You donated 19 gold pieces to Zin.

Inventory:

Hand Weapons
 a - a +1 dagger
 k - a +2 dagger of venom (weapon)
Missiles
 l - 2 curare-tipped darts (quivered)
Armour
 b - a +0 robe
 f - a +0 robe of resistance (worn)
Wands
 h - a wand of roots (8)
Scrolls
 i - a scroll of magic mapping
 j - 2 scrolls of enchant armour
 m - 2 scrolls of identify
Potions
 d - 2 potions of curing
 e - a potion of invisibility
 g - 2 potions of magic
 n - a potion of lignification {unknown}
 o - a potion of brilliance {unknown}
Miscellaneous
 c - a condenser vane


   Skills:
 + Level 16.4 Short Blades
 - Level 5.0 Dodging
 + Level 22.8 Stealth
 + Level 18.2 Spellcasting
 + Level 3.8 Conjurations
 - Level 8.0 Hexes
 + Level 3.7 Fire Magic
 - Level 8.0 Ice Magic
 + Level 4.6 Air Magic


You had 41 spell levels left.
You knew the following spells:

 Your Spells              Type           Power      Damage    Failure   Level
a - Ensorcelled Hibernat  Hex/Ice        100%       N/A       1%          2
b - Confusing Touch       Hex            51%        N/A       1%          3

Your spell library contained the following spells:

 Spells                   Type           Power      Damage    Failure   Level
 Slow                     Hex            100%       N/A       1%          1
 Static Discharge         Conj/Air       72%        2-5/arc   1%          2
 Dazzling Flash           Conj/Hex       86%        N/A       1%          3
 Summon Guardian Golem    Hex/Summ       35%        N/A       1%          3
 Tukima's Dance           Hex            51%        N/A       1%          3
 Sandblast                Erth           38%        2d10      2%          1
 Cigotuvi's Dreadful Rot  Necr/Pois/Air  50%        N/A       2%          2
 Leda's Liquefaction      Hex/Erth       17%        N/A       5%          4
 Silence                  Hex/Air        22%        N/A       6%          5
 Freezing Cloud           Conj/Ice/Air   21%        6-21      9%          5
 Iskenderun's Mystic Bla  Conj/Tloc      27%        2d7       13%         4
 Yara's Violent Unravell  Hex/Tmut       17%        3d8       16%         5
 Animate Armour           Summ/Erth      38%        N/A       28%         4
 Conjure Ball Lightning   Conj/Air       18%        3x3d6     58%         6
 Lee's Rapid Deconstruct  Erth           9%         3d7*      61%         5
 Plasma Beam              Fire/Air       18%        2x1d32    61%         6
 Death Channel            Necr           9%         N/A       99%         6
 Haunt                    Necr/Summ      9%         N/A       100%        7
 Summon Hydra             Summ           9%         N/A       100%        7
 Discord                  Hex            25%        N/A       100%        8
 Infestation              Necr           9%         N/A       100%        8


Dungeon Overview and Level Annotations

Branches:
Dungeon (1/1)

Altars:
Cheibriados
Dithmenos
Elyvilon
Fedhas
Gozag
Hepliaklqana
Kikubaaqudgha
Makhleb
Nemelex Xobeh
Okawaru
Qazlal
Ru
Sif Muna
Trog
Uskayaw
Vehumet
Wu Jian
Xom
Yredelemnul
Zin
The Shining One
Jiyva
Lugonu

Shops:
D [[?=***:[[([(!?[[*![[


Innate Abilities, Weirdness & Mutations

You are very small and have problems with some larger weapons.
You are too small for most types of armour.
You have supernaturally acute eyesight. (SInv)
You cover ground extremely quickly. (Speed+++)


Message History

There is an open door here.
There is an open door here.
You see here a +1 shortbow of flaming.
You enter the shallow water.
Moving in this stuff is going to be slow.
There is an open door here.
You enter the shallow water.
Moving in this stuff is going to be slow.
There is an open door here.
There is an open door here.
There is an open door here.
There is an open door here.
There is an open door here.
There is an open door here.
There is an open door here.
There is an open door, spattered with blood here.
You open the door.
There is an open door here.
A daeva comes into view.
It is wielding a +2 scimitar of holy wrath.
Found 108 gold pieces.
The daeva shouts!
The daeva calls down the wrath of the Shining One upon you.
The Shining One smites you!
There is an open door here.
There's nothing to close nearby.
Unknown command.
You close the door.
Okay, then.
You open the door.
There is an open door here.
Found 81 gold pieces and 3 stones.
The daeva calls down the wrath of the Shining One upon you.
The Shining One smites you!
Found 13 gold pieces. 4 unseen horrors come into view.
The daeva calls down the wrath of the Shining One upon you.
The Shining One smites you!
* * * LOW HITPOINT WARNING * * *
The unseen horror hits you!
You die...

...##'#§####.§...##..'..#.§§§##,,
)..'.§#.#,*##§§§#######+#..(..#**
####..'.#+*,###'#,$(##,,#§§.§§#,,
..##+####,,,*,#.##$$$#,,##....#,∩
..#,,,,,*,,,**#..###$#,,~###+##,,
..#,,,,,+,,,,,##.#A#$#,,~,,#§####
#'###,,,*,,,,,#..###$#,,~,##D#§§.
#.'.#,,,***++*#.##..$#,,~##§D§§§§
###.#,,***,,**#.@#+###,,~#.§§.§§.
∩##§#,,****,,*##x.x#,~,,*#§§§..§.
###§#*+*,,*,,*,###x#,~,,#..§.§§:.
.##.#*,*,,,,,,,,,*x#**,,#...§.§.§
..'§#***,,,,,,,,,*,#,+,,##.......
###§#,,+,,,,,,****+*,**+*#$$$$$$$
.§#.#****,,,***,,,,*,*~~~##$$$$$$
.#§§#,,,*****,,,****^*~~~~##?(!$[
§####,,,,,,,,,***,,,,*~~~~~####*#


You could see 4 unseen horrors.

Vanquished Creatures
  A hydra (D)
  2 centaur warriors (D)
  Sonja (D)
  A deep troll (D)
  A lindwurm (D)
  8 shining eyes (D)
  An oklob plant (D)
  4 demonic crawlers (D)
  2 unseen horrors (D)
  2 kobold demonologists (D)
  A hornet (D)
  A slime creature (D)
  Sigmund (D)
  A yak (D)
  2 redbacks (D)
  13 hogs (D)
  7 floating eyes (D)
  An ogre (D)
  7 necrophages (D)
  8 jellies (D)
  Ijyb (D)
66 creatures vanquished.

Notes
Turn   | Place    | Note
-------+----------+-------------------------------------------
     0 | D        | howech the Spriggan Enchanter began the quest for the Orb.
     0 | D        | Reached XP level 1. HP: 9/9 MP: 5/5
     5 | D        | Noticed Ijyb
    10 | D        | Killed Ijyb
    11 | D        | Reached skill level 5 in Stealth
    11 | D        | Reached skill level 1 in Ice Magic
    11 | D        | Reached XP level 2. HP: 13/13 MP: 5/7
    18 | D        | Learned a level 2 spell: Ensorcelled Hibernation
    19 | D        | Noticed an ogre
    23 | D        | Killed an ogre
    24 | D        | Reached skill level 5 in Dodging
    24 | D        | Reached skill level 8 in Stealth
    24 | D        | Reached skill level 5 in Spellcasting
    24 | D        | Reached skill level 5 in Hexes
    24 | D        | Reached XP level 3. HP: 16/16 MP: 6/10
    24 | D        | Reached XP level 4. HP: 21/21 MP: 7/12
    26 | D        | Noticed Sigmund
    29 | D        | Killed Sigmund
    30 | D        | Reached skill level 5 in Short Blades
    30 | D        | Reached skill level 9 in Stealth
    30 | D        | Reached XP level 5. HP: 24/24 MP: 9/15
    51 | D        | Found a shimmering blue altar of Sif Muna.
    52 | D        | Found an ornate altar of the Wu Jian Council.
    53 | D        | Found a radiant altar of Vehumet.
    58 | D        | Reached skill level 10 in Stealth
    58 | D        | Reached XP level 6. HP: 28/28 MP: 12/16
    74 | D        | Found Imnuriwi's Jewellery Emporium.
    74 | D        | Found an ancient bone altar of Kikubaaqudgha.
    74 | D        | Found a hazy altar of Hepliaklqana.
    74 | D        | Found a stormy altar of Qazlal.
    74 | D        | Found a hide-covered altar of Uskayaw.
    74 | D        | Found a blossoming altar of Fedhas.
    74 | D        | Found a bloodstained altar of Trog.
    74 | D        | Found an iron altar of Okawaru.
    74 | D        | Found a basalt altar of Yredelemnul.
    74 | D        | Found a glowing golden altar of the Shining One.
    74 | D        | Found a snail-covered altar of Cheibriados.
    74 | D        | Found a sacrificial altar of Ru.
    74 | D        | Found a glowing silver altar of Zin.
    74 | D        | Found a shadowy altar of Dithmenos.
    74 | D        | Found a white marble altar of Elyvilon.
    74 | D        | Noticed a yak
    75 | D        | Found an opulent altar of Gozag.
    76 | D        | Killed a yak
    77 | D        | Reached skill level 11 in Stealth
    77 | D        | Reached skill level 5 in Ice Magic
    77 | D        | Found a sparkling altar of Nemelex Xobeh.
    83 | D        | Became a worshipper of Zin the Law-Giver
    83 | D        | Reached * piety under Zin
    83 | D        | Reached ** piety under Zin
    83 | D        | Reached *** piety under Zin
    83 | D        | Reached **** piety under Zin
    83 | D        | Reached ***** piety under Zin
    93 | D        | Reached ****** piety under Zin
    97 | D        | Noticed Sonja
   101 | D        | Killed Sonja
   102 | D        | Reached skill level 13 in Stealth
   102 | D        | Reached XP level 7. HP: 32/32 MP: 18/21
   110 | D        | Found Feusuats's Armour Boutique.
   123 | D        | Noticed a shining eye
   123 | D        | Noticed a shining eye
   123 | D        | Noticed a shining eye
   123 | D        | Noticed a shining eye
   123 | D        | Noticed a shining eye
   123 | D        | Noticed a shining eye
   126 | D        | Reached skill level 10 in Spellcasting
   126 | D        | Reached XP level 8. HP: 36/36 MP: 21/23
   126 | D        | Noticed a shining eye
   126 | D        | Noticed a shining eye
   131 | D        | Paralysed by a floating eye for 4 turns
   139 | D        | Reached skill level 14 in Stealth
   141 | D        | Paralysed by a floating eye for 3 turns
   150 | D        | Killed a shining eye
   151 | D        | Reached skill level 10 in Short Blades
   151 | D        | Reached skill level 15 in Stealth
   157 | D        | Killed a shining eye
   158 | D        | Reached XP level 9. HP: 39/39 MP: 15/26
   177 | D        | Learned a level 3 spell: Confusing Touch
   199 | D        | Killed a shining eye
   200 | D        | Reached skill level 16 in Stealth
   206 | D        | Killed a shining eye
   207 | D        | Reached skill level 17 in Stealth
   219 | D        | Killed a shining eye
   229 | D        | Killed a shining eye
   230 | D        | Reached skill level 18 in Stealth
   237 | D        | Killed a shining eye
   238 | D        | Reached XP level 10. HP: 44/44 MP: 7/29
   273 | D        | Killed a shining eye
   306 | D        | Fell from the grace of Zin
   306 | D        | Became a worshipper of Sif Muna the Loreminder
   346 | D        | Found Emez's Antique Armour Shoppe.
   346 | D        | Found Haerph's Assorted Antiques.
   346 | D        | Found Ciciz's Magic Scroll Emporium.
   346 | D        | Found Lokliaf's General Store.
   354 | D        | Bought a scroll of identify for 28 gold pieces
   354 | D        | Bought a scroll of identify for 28 gold pieces
   354 | D        | Bought a scroll of identify for 28 gold pieces
   354 | D        | Bought a scroll of magic mapping for 105 gold pieces
   365 | D        | Bought a potion of degeneration for 11 gold pieces
   427 | D        | Noticed a deep troll
   431 | D        | Killed a deep troll
   432 | D        | Reached skill level 19 in Stealth
   432 | D        | Reached skill level 15 in Spellcasting
   441 | D        | Found Ladien's Armour Emporium.
   461 | D        | Noticed a centaur warrior
   461 | D        | Noticed a centaur warrior
   464 | D        | Killed a centaur warrior
   465 | D        | Killed a centaur warrior
   465 | D        | Reached * piety under Sif Muna
   466 | D        | Reached skill level 20 in Stealth
   477 | D        | Noticed an oklob plant
   479 | D        | Killed an oklob plant
   479 | D        | Reached ** piety under Sif Muna
   508 | D        | Reached *** piety under Sif Muna
   509 | D        | Reached skill level 15 in Short Blades
   509 | D        | Reached skill level 21 in Stealth
   516 | D        | Reached **** piety under Sif Muna
   517 | D        | Reached XP level 11. HP: 47/47 MP: 32/32
   537 | D        | Reached ***** piety under Sif Muna
   545 | D        | Received a gift from Sif Muna
   574 | D        | Got Sif Muna's Codex of the Indurated Morgue {god gift}
   591 | D        | Found Riutuaj's Book Shoppe.
   591 | D        | Found Jawoazy's General Store.
   591 | D        | Found Etzedap's Antique Armour Boutique.
   593 | D        | Found Wiseucy's Antique Armour Emporium.
   593 | D        | Found Legrag Rulie's Antique Weapon Shop.
   593 | D        | Found Jofren's Antique Armour Shoppe.
   593 | D        | Found Vepluph's Antique Weapon Boutique.
   593 | D        | Found Yrisebb's Distillery.
   593 | D        | Found Guoblis's Magic Scroll Shop.
   593 | D        | Found Buivvune's Armour Shoppe.
   597 | D        | Found Rutostrokh's Armour Boutique.
   598 | D        | Found Foaddiz's Distillery.
   598 | D        | Found Janohem's Assorted Antiques.
   599 | D        | Found Jecale's Armour Emporium.
   655 | D        | Found a viscous altar of Jiyva.
   655 | D        | Found a corrupted altar of Lugonu.
   656 | D        | Found a burning altar of Makhleb.
   656 | D        | Found a shimmering altar of Xom.
   676 | D        | Received a gift from Sif Muna
   677 | D        | Reached skill level 1 in Air Magic
   678 | D        | Reached skill level 1 in Conjurations
   678 | D        | Got Sif Muna's Verses on Exhalation {god gift}
   683 | D        | Reached skill level 22 in Stealth
   763 | D        | Reached skill level 1 in Fire Magic
   788 | D        | Noticed a lindwurm
   790 | D        | Killed a lindwurm
   808 | D        | Received a gift from Sif Muna
   828 | D        | Received a gift from Sif Muna
   842 | D        | Got Sif Muna's Octavo of Mighty Phantasms {god gift}
   844 | D        | Got Sif Muna's Vellum of Cunning Unhallowed Magicks {god
                  | gift}
   912 | D        | Noticed a 12-headed hydra
   914 | D        | Killed a 12-headed hydra
   990 | D        | Bought a +0 robe of resistance for 387 gold pieces
  1114 | D        | Noticed a shadow dragon
  1114 | D        | Noticed a golden dragon
  1345 | D        | Bought a potion of invisibility for 88 gold pieces
  1401 | D        | Noticed a daeva
  1412 | D        | Slain by an unseen horror

Illustrated notes

Levels and vault maps discovered:
D:        dungeon_sprint_1 [red_sonja_temple_1, red_sonja_temple_small_1]

Skill      XL: |  1  2  3  4  5  6  7  8  9 10 11 |
---------------+----------------------------------+-----
Short Blades   | 2 4 5 8 9 10 12 15 16 | 16.4
Dodging        | 4 5 |  5.0
Stealth        | 5 8 9 10 13 15 18 21 22 | 22.8
Spellcasting   | 3 5 6 9 10 12 14 16 18 | 18.2
Hexes          | 4 5 7 8 |  8.0
Ice Magic      | 1 2 4 6 8 |  8.0
Air Magic      | 4 |  4.6
Conjurations   | 3 |  3.8
Fire Magic     | 3 |  3.7

Action                     |  1- 3 |  4- 6 |  7- 9 | 10-12 || total
---------------------------+-------+-------+-------+-------++-------
  Melee: Dagger            |     7 |     4 |    59 |   113 ||   183
         Punch             |       |       |     1 |     2 ||     3
   Cast: Ensorcelled Hiber |       |       |     5 |    26 ||    31
         Confusing Touch   |       |       |     6 |     9 ||    15
    Use: Potion            |     2 |       |       |     3 ||     5
         Scroll            |       |       |       |     3 ||     3
   Stab: Invisible         |     1 |       |       |     1 ||     2
         Sleeping          |     1 |     4 |     5 |    41 ||    51
         Confused          |       |       |     7 |     7 ||    14
 Armour: Robe              |       |       |       |     1 ||     1
  Dodge: Dodged            |     4 |       |       |    33 ||    37

Table legend: (Time is in decaauts)
 A = Elapsed time spent in this place.
 B = Non-inter-level travel time spent in this place.
 C = Inter-level travel time spent in this place.
 D = Time resting spent in this place.
 E = Time spent auto-exploring this place.
 F = Levels seen in this place.
 G = Mean time per level.
                   A        B        C        D        E       F      G
               +--------+--------+--------+--------+--------+-----+--------+
         Total |   1039 |    872 |    167 |    290 |      0 |   1 | 1039.0 |
       Dungeon |   1039 |    872 |    167 |    290 |      0 |   1 | 1039.0 |
               +--------+--------+--------+--------+--------+-----+--------+

Top non-repeatable levels by time:
       D: 1039 daAuts
